 Dungeon Crawl Stone Soup version 0.32-a0-928-g1cae6b7ea0 (webtiles) character file.

Game seed: 12603492177146537183

66 gribnar the Caller (level 3, -1/19 HPs)
             Began as a Deep Elf Summoner on Apr 13, 2024.
             Was an Initiate of Hepliaklqana.
             Slain by a gnoll
             ... wielding a +0 halberd
              (6 damage)
             ... on level 3 of the Dungeon.
             The game lasted 00:03:11 (1699 turns).

gribnar the Caller (Deep Elf Summoner)              Turns: 1699, Time: 00:03:11

Health: -1/19      AC:  2    Str:  5    XL:     3   Next: 96%
Magic:  6/11       EV: 11    Int: 21    God:    Hepliaklqana [......]
Gold:   94         SH:  0    Dex: 15    Spells: 5/11 levels left

rFire   . . .        d - +2 dagger (speed)
rCold   . . .        (no shield)
rNeg    . . .        a - +0 robe
rPois   .            (no helmet)
rElec   .            (no cloak)
rCorr   .            (no gloves)
SInv    .            (no boots)
Will    .....        (no amulet)
Stlth   ++           (no ring)
HPRegen 0.23/turn    (no ring)
MPRegen 0.12/turn

%: no passive effects
@: unable to call your familiar
A: no striking features
a: Renounce Religion


You were on level 3 of the Dungeon.
You worshipped Hepliaklqana.
Hepliaklqana was noncommittal.
You visited 1 branch of the dungeon, and saw 3 of its levels.

You collected 94 gold pieces.

Inventory:

Hand Weapons
 d - a +2 dagger of speed (weapon)
Missiles
 i - 5 atropa-tipped darts
Armour
 a - a +0 robe (worn)
Talismans
 c - a granite talisman
Scrolls
 e - a scroll of enchant weapon {unknown}
 f - 4 scrolls of teleportation {unknown}
 h - 2 scrolls of noise {unknown}
 j - 3 scrolls of identify {unknown}
 k - a scroll of enchant armour {unknown}
Potions
 b - a potion of magic
 g - a potion of curing {unknown}


   Skills:
 - Level 2.4 Dodging
 - Level 2.4 Stealth
 + Level 4.6 Spellcasting
 + Level 5.3 Summonings


You had 5 spell levels left.
You knew the following spells:

 Your Spells              Type           Power      Damage    Failure   Level
a - Summon Small Mammal   Summ           100%       N/A       1%          1
b - Call Imp              Summ           54%        N/A       1%          2
c - Call Canine Familiar  Summ           27%        N/A       3%          3

Your spell library contained the following spells:

 Spells                   Type           Power      Damage    Failure   Level
 Kiss of Death            Conj/Necr      16%        2d6       12%         1
 Confusing Touch          Hex            4%         N/A       34%         3
 Sigil of Binding         Hex            4%         N/A       34%         3
 Summon Blazeheart Golem  Fire/Summ      16%        N/A       36%         4
 Summon Lightning Spire   Summ/Air       16%        N/A       36%         4
 Dispel Undead            Necr           4%         3d7       75%         4
 Death Channel            Necr           2%         N/A       100%        6
 Sculpt Simulacrum        Ice/Alch       2%         N/A       100%        6


Dungeon Overview and Level Annotations

Branches:
Dungeon (3/15)

Altars:
Hepliaklqana


Message History

Your cerulean imp closely misses the jackal.
Your inugami hits the gnoll.
The gnoll hits your inugami with a +0 whip.
The jackal bites your inugami but does no damage.
The jackal attacks as it pursues you! The jackal closely misses you.
The jackal bites your quokka but does no damage.
Your quokka bites the jackal.
Your cerulean imp closely misses the jackal.
Your inugami barely misses the jackal.
The gnoll hits your inugami with a +0 whip.
The jackal barely misses you.
The jackal bites your quokka but does no damage.
Your quokka bites the jackal.
The jackal dies!
The jackal attacks as it pursues you! The jackal bites you.
The gnoll attacks as it pursues you! The gnoll barely misses you.
Your inugami hits the gnoll. The gnoll misses your inugami.
The gnoll hits your cerulean imp with a +0 halberd!
The jackal attacks as it pursues you! The jackal bites you.
Your cerulean imp completely misses the gnoll.
Your inugami completely misses the gnoll.
The gnoll hits your inugami with a +0 whip!
Your inugami dies!
Your inugami disappears in a puff of smoke!
Something misses your cerulean imp. The gnoll attacks as it pursues you!
The gnoll hits you from afar with a +0 halberd!
Ouch! That really hurt!
* * * LOW HITPOINT WARNING * * *
Your quokka bites the gnoll.
The jackal closely misses you. The jackal attacks as it pursues you!
The jackal closely misses you. The jackal attacks as it pursues you!
The jackal misses you. The jackal closely misses you.
The gnoll attacks as it pursues you! The gnoll closely misses you.
You hear the slow rusting of a drain nearby.
There is a stone staircase leading up here.
The jackal bites you but does no damage.
The jackal closely misses you.
The gnoll hits you from afar with a +0 halberd.
You die...
Hepliaklqana delivers you to your ancestors.

# ####.≈§≈≈g≈§.≈..#
#.#....§.§g5§≈...#
#.#.##.≈≈≈.r.≈≈≈.#
#............)...#
.............####
....####.#.##
#.#.####.#.#
#.#...##.#.#
#..@hg.r.#.#
#....h.....#
#.###.######
##.###.# #......#
.###########..#####
......†<......#
.###########.## #.#


You could see a gnoll, 2 jackals and a friendly quokka (summoned).

Vanquished Creatures
  An adder (D:2)
  A dart slug (D:3)
  3 ball pythons
  3 endoplasms
  2 goblins
  2 hobgoblins (D:2)
  A quokka (D:2)
  5 bats (D:1)
  A kobold (D:2)
  11 rats
30 creatures vanquished.

Vanquished Creatures (collateral kills)
  An adder (D:2)
  A ribbon worm (D:2)
  2 ball pythons (D:2)
  A bat (D:1)
  An endoplasm (D:2)
  2 jackals (D:3)
  2 frilled lizards
  A goblin (D:1)
  3 kobolds (D:2)
  3 rats
17 creatures vanquished.

Grand Total: 47 creatures vanquished

Notes
Turn   | Place    | Note
-------+----------+-------------------------------------------
     0 | D:1      | gribnar the Deep Elf Summoner began the quest for the Orb.
     0 | D:1      | Reached XP level 1. HP: 10/10 MP: 6/6
   338 | D:1      | Reached XP level 2. HP: 15/15 MP: 6/8
   464 | D:1      | Found a faded altar of an unknown god.
  1072 | D:2      | Reached skill level 5 in Summonings
  1072 | D:2      | Reached XP level 3. HP: 16/19 MP: 6/10
  1339 | D:2      | Learned a level 2 spell: Call Imp
  1343 | D:2      | Learned a level 3 spell: Call Canine Familiar
  1672 | D:3      | Found a hazy altar of Hepliaklqana.
  1679 | D:3      | Became a worshipper of Hepliaklqana the Forgotten
  1699 | D:3      | Slain by a gnoll

Illustrated notes

Levels and vault maps discovered:
D:1:      minmay_arrival_stair_chambers, layout_basic,
          shapermc_ecumenical_altar_totnotflames, corexii_corridor_pit
D:2:      layout_rooms, kennysheep_generic_room_2
D:3:      layout_loops_ring, mainiacjoe_overflow_large_starburst,
          cheibrodos_sewer_entry_sluice, dreamdust_wishing_well

Skill      XL: |  1  2 |
---------------+-------+-----
Spellcasting   | 4 |  4.6
Summonings     | 5 |  5.3
Dodging        | |  2.4
Stealth        | |  2.4

Action                     || total
---------------------------++-------
  Melee: Dagger            ||    93
         Unarmed           ||     1
         Punch             ||     1
   Cast: Summon Small Mamm ||    45
         Call Imp          ||     2
         Call Canine Famil ||     1
   Stab: Sleeping          ||     4
 Armour: Robe              ||    51
  Dodge: Dodged            ||    64

Table legend: (Time is in decaauts)
 A = Elapsed time spent in this place.
 B = Non-inter-level travel time spent in this place.
 C = Inter-level travel time spent in this place.
 D = Time resting spent in this place.
 E = Time spent auto-exploring this place.
 F = Levels seen in this place.
 G = Mean time per level.
                   A        B        C        D        E       F      G
               +--------+--------+--------+--------+--------+-----+--------+
         Total |   1670 |   1654 |     16 |     31 |   1312 |   3 |  556.7 |
       Dungeon |   1670 |   1654 |     16 |     31 |   1312 |   3 |  556.7 |
               +--------+--------+--------+--------+--------+-----+--------+

Top non-repeatable levels by time:
     D:1: 944 daAuts
     D:2: 675 daAuts
     D:3: 51 daAuts
